 Dungeon Crawl Stone Soup version 0.21.1-1-g345015f (webtiles) character file.

34 letownia3 the Conjurer (level 3, 14/24 HPs)
             Began as a Demonspawn Wizard on Feb 5, 2018.
             Quit the game on level 2 of the Dungeon.
             The game lasted 00:01:25 (1285 turns).

letownia3 the Conjurer (Demonspawn Wizard)          Turns: 1285, Time: 00:01:26

Health: 14/24      AC:  8    Str:  8    XL:     3   Next: 14%
Magic:  2/7        EV: 12    Int: 19    God:
Gold:   48         SH:  0    Dex: 11    Spells: 1/8 levels left

rFire    . . .     SeeInvis .   f - +0 short sword
rCold    . . .     Gourm    .   (no shield)
rNeg     . . .     Faith    .   a - +0 robe
rPois    .         Spirit   .   b - +0 hat
rElec    .         Reflect  .   (no cloak)
rCorr    .         Harm     .   (no gloves)
MR       .....                  (no boots)
Stlth    ++........             (no amulet)
HPRegen  0.08/turn              (no ring)
MPRegen  0.10/turn              (no ring)

@: mildly poisoned (14 -> 12), sanguine armour
A: antennae 1, sanguine armour 1
a: no special abilities


You were on level 2 of the Dungeon.
You were hungry.

You visited 1 branch of the dungeon, and saw 2 of its levels.

You collected 48 gold pieces.

Inventory:

Hand Weapons
 f - a +0 short sword (weapon)
Missiles
 e - 4 tomahawks (quivered)
Armour
 a - a +0 robe (worn)
 b - a +0 hat (worn)
Scrolls
 g - a scroll of magic mapping {unknown}
Books
 c - a book of Minor Magic

   Spells                             Type                      Level
   a - Magic Dart                     Conjuration                  1
   b - Blink                          Translocation                2
   c - Call Imp                       Summoning                    2
   d - Slow                           Hexes                        2
   e - Conjure Flame                  Conjuration/Fire             3
   f - Mephitic Cloud                 Conjuration/Poison/Air       3
Comestibles
 d - 2 rations
 h - a chunk of flesh


   Skills:
 - Level 1.7 Dodging
 - Level 1.7 Stealth
 - Level 3.0 Spellcasting
 + Level 3.1 Conjurations
   Level 1.0 Summonings
   Level 0.8 Translocations


You had one spell level left.
You knew the following spells:

 Your Spells              Type           Power        Failure   Level  Hunger
a - Magic Dart            Conj           ##..         4%          1    None
c - Conjure Flame         Conj/Fire      #.......     24%         3    ###....
e - Mephitic Cloud        Conj/Pois/Air  #.......     30%         3    ###....


Dungeon Overview and Level Annotations

Branches:
Dungeon (2/15)

Altars:


Innate Abilities, Weirdness & Mutations

You have a pair of small antennae on your head.
When seriously injured, your bleeding wounds create armour. (AC +6)


Message History

You can't see any susceptible monsters within range! (Use Z to cast anyway.)
You see here a giant cockroach corpse.
You butcher the giant cockroach corpse.
You feel sick.
h - a chunk of flesh
There is a stone staircase leading up here.
Memorise Mephitic Cloud, consuming 3 spell levels and leaving 4?
You start memorising the spell.
You continue memorising.
You feel sick.
You continue memorising. x2
You finish memorising.
Spell assigned to 'b'.
Memorise Conjure Flame, consuming 3 spell levels and leaving 1?
You feel sick.
You start memorising the spell.
You continue memorising. x3
You finish memorising.
Spell assigned to 'c'.
Adjust (i)tems, (s)pells, or (a)bilities?
Adjust which spell? b - Mephitic Cloud Adjust to which letter? e - Mephitic Cloud Are you sure you want to abandon this character and quit the game? (Confirm with "yes".)

#..#
#..#
#..#
..#
..#
#.#
#.#
#@#
#.#
#.#
#.#
...
##.
>.
..
###


There were no monsters in sight!

Vanquished Creatures
  An adder (D:2)
  A dart slug (D:1)
  A leopard gecko (D:1)
  4 giant cockroaches
  A goblin (D:1)
  2 hobgoblins (D:1)
  2 bats (D:1)
  8 kobolds (D:1)
  3 rats (D:1)
23 creatures vanquished.

Notes
Turn   | Place    | Note
-------+----------+-------------------------------------------
     0 | D:1      | letownia3 the Demonspawn Wizard began the quest for the Orb.
     0 | D:1      | Reached XP level 1. HP: 13/13 MP: 4/4
   615 | D:1      | Gained mutation: When seriously injured, your bleeding wounds create armour. (AC +6) [demonic ancestry]
   615 | D:1      | Reached XP level 2. HP: 19/19 MP: 3/6
  1268 | D:2      | Gained mutation: You have a pair of small antennae on your head. [demonic ancestry]
  1268 | D:2      | Reached XP level 3. HP: 20/24 MP: 5/7
  1281 | D:2      | Learned a level 3 spell: Mephitic Cloud
  1285 | D:2      | Learned a level 3 spell: Conjure Flame
  1285 | D:2      | Quit the game

Skill      XL: |  1  2 |
---------------+-------+-----
Conjurations   | 2 3 |  3.1
Dodging        | |  1.7
Stealth        | |  1.7
Spellcasting   | |  3.0
Summonings     | |  1.0
Translocations | |  0.8

Action                   || total
-------------------------++-------
Melee: Unarmed           ||    12
       Short sword       ||     8
 Cast: Magic Dart        ||    54
 Stab: Sleeping          ||     1
Armor: Robe              ||     4
Dodge: Dodged            ||    19
